 Dungeon Crawl Stone Soup version 0.27.1 (webtiles) character file.

Game seed: 13048859539940314989

5512 MajorAdolf the Fighter (level 10, -17/111 HPs)
             Began as a Naga Wanderer on Aug 27, 2021.
             Was an Initiate of Gozag.
             Killed from afar by a steam dragon (28 damage)
             ... with a ball of steam
             ... on level 8 of the Dungeon.
             The game lasted 00:13:09 (10098 turns).

MajorAdolf the Fighter (Naga Wanderer)             Turns: 10098, Time: 00:13:09

Health: -17/111    AC:  8    Str: 14    XL:     10   Next: 70%
Magic:  11/11      EV:  9    Int: 17    God:    Gozag
Gold:   353        SH:  5    Dex: 10    Spells: 11/11 levels left

rFire    . . .     SeeInvis +   z - +4 trident
rCold    . . .     Faith    .   y - +0 buckler
rNeg     . . .     Spirit   .   C - +2 robe {Will+}
rPois    +         Reflect  .   v - +0 helmet
rElec    .         Harm     .   (no cloak)
rCorr    .         Rampage  .   x - +0 pair of gloves
Will     ++...                  (no barding)
Stlth    ++........             t - amulet of regeneration
HPRegen  1.28/turn              (no ring)
MPRegen  0.12/turn              (no ring)

@: studying Stealth, very slow
A: AC +3, large, see invisible, deformed body, poison resistance, slowness 2,
spit poison 1, naga tail 1
a: Spit Poison, Renounce Religion, Potion Petition, Call Merchant, Bribe Branch


You were on level 8 of the Dungeon.
You worshipped Gozag.
Gozag was aware of your devotion.
You visited 2 branches of the dungeon, and saw 9 of its levels.

You collected 463 gold pieces.
You paid 110 gold pieces to Gozag.

Inventory:

Hand Weapons
 a - a +2 hand crossbow
 j - a +3 hand axe
 m - a +2 dagger of venom
 z - a +4 trident (weapon)
Missiles
 b - 40 bolts
Armour
 v - a +0 helmet (worn)
 x - a +0 pair of gloves (worn)
 y - a +0 buckler (worn)
 C - a +2 robe of willpower (worn)
Magical Staves
 k - a staff of fire
Jewellery
 t - an amulet of regeneration (around neck)
Wands
 B - a wand of flame (13)
Scrolls
 d - 4 scrolls of teleportation
 n - 4 scrolls of identify {unknown}
 p - 2 scrolls of magic mapping {unknown}
 q - 3 scrolls of noise {unknown}
 r - 2 scrolls of amnesia {unknown}
 u - a scroll of silence {unknown}
 A - a scroll of holy word {unknown}
Potions
 c - a potion of ambrosia {unknown}
 e - 2 potions of lignification {unknown}
 f - a potion of flight {unknown}
 g - a potion of degeneration {unknown}
 h - 2 potions of curing {unknown}
 i - a potion of attraction {unknown}
 l - a potion of magic {unknown}
 o - a potion of berserk rage {unknown}
 s - 2 potions of might {unknown}
 w - 3 potions of heal wounds {unknown}


   Skills:
 + Level 13.6 Fighting
 - Level 2.0 Crossbows
 - Level 1.0 Throwing
 - Level 1.2 Armour
 - Level 1.5 Stealth
 + Level 5.3 Shields
 - Level 1.0 Spellcasting
 - Level 2.1 Translocations


You had 11 spell levels left.
You didn't know any spells.
Your spell library contained the following spells:

 Spells                   Type           Power      Damage    Failure   Level
 Apportation              Tloc           16%        N/A       9%          1
 Animate Skeleton         Necr           0%         N/A       22%         1
 Beastly Appendage        Tmut           0%         N/A       22%         1
 Corona                   Hex            0%         N/A       22%         1
 Summon Small Mammal      Summ           0%         N/A       22%         1
 Gell's Gravitas          Tloc           4%         N/A       26%         3
 Teleport Other           Tloc           8%         N/A       26%         3
 Wereblood                Tmut           0%         N/A       32%         2
 Spider Form              Tmut/Pois      0%         N/A       54%         3
 Dispersal                Tloc           4%         N/A       100%        6


Dungeon Overview and Level Annotations

Branches:
Dungeon (8/15)             Temple (1/1) D:4
   Lair: D:8-11

Altars:
Ashenzari
Cheibriados
Dithmenos
Elyvilon
Fedhas
Gozag
Hepliaklqana
Kikubaaqudgha
Makhleb
Okawaru
Qazlal
Ru
Sif Muna
Trog
Uskayaw
Vehumet
Wu Jian
Xom
Yredelemnul
Zin
The Shining One

Shops:
D:1 !   D:7 ?

Annotations:
D:6 1 runed translucent door, UnknownFlame's ghost, novice DrBe


Innate Abilities, Weirdness & Mutations

Your serpentine skin is tough. (AC +3)
You have supernaturally acute eyesight. (SInv)
Armour fits poorly on your strangely shaped body.
Your system is resistant to poisons. (rPois)
You cover ground very slowly.
You can spit poison.
You have a snake-like lower body.


Message History

The steam dragon closely misses you.
You hit the steam dragon but do no damage.
The steam dragon is lightly wounded.
You are engulfed in a cloud of scalding steam.
The steam dragon barely misses you.
The steam dragon claws you but does no damage.
You hit the steam dragon.
The steam dragon is moderately wounded.
The steam dragon bites you. The steam dragon claws you.
You are too injured to fight recklessly!
You puncture the steam dragon!
The steam dragon is severely wounded.
The steam dragon bites you but does no damage.
You block the steam dragon's attack. The steam dragon breathes steam at you.
The ball of steam hits you!
* * * LOW HITPOINT WARNING * * *
You barely miss the steam dragon.
The steam dragon is severely wounded.
You are engulfed in a cloud of scalding steam.
* * * LOW HITPOINT WARNING * * *
The steam dragon bites you.
* * * LOW HITPOINT WARNING * * *
The steam dragon closely misses you.
You puncture the steam dragon!
The steam dragon is almost dead.
You are engulfed in a cloud of scalding steam.
* * * LOW HITPOINT WARNING * * *
The steam dragon bites you but does no damage.
The steam dragon closely misses you.
Unknown command.
You hit the steam dragon but do no damage.
The steam dragon is almost dead.
You are engulfed in a cloud of scalding steam.
* * * LOW HITPOINT WARNING * * *
The steam dragon completely misses you. The steam dragon barely misses you.
The steam dragon breathes steam at you. The ball of steam hits you!!
You die...
Your body crumbles into a pile of gold.

#.......D§#
#......x..#
........$.#
...<......#
.##.......#
#.......#
#..####.#
...####.#####
$..
#.@D......
#.........
#...........
$
###.........
#.........
#.....!...
#.........
##########


You could see a steam dragon (catching breath).

Vanquished Creatures
  Harold (D:7)
  Pikel (D:4)
  A cyclops (D:7)
  A wyvern (D:8)
  Menkaure (D:7)
  3 water moccasins
  Duvessa (D:7)
  An ice beast (D:7)
  3 ogres
  A black bear (D:4)
  A sky beast (D:4)
  3 centaurs
  4 necrophages
  A lemure (D:4)
  2 kobold brigands
  A water moccasin zombie (D:6)
  3 bullfrogs
  A gnoll sergeant (D:5)
  2 scorpions
  2 wyvern zombies
  Dowan (D:7)
  A water moccasin skeleton (D:4)
  2 howler monkeys (D:8)
  A wight (D:6)
  6 centaur zombies
  2 bullfrog zombies
  3 jellies (D:6)
  A human zombie (D:6)
  A centaur skeleton (D:7)
  An orc priest (D:5)
  A hound (D:5)
  A bullfrog skeleton (D:6)
  Jessica (D:2)
  2 iguanas
  2 scorpion zombies (D:5)
  Natasha (thrice) (D:2)
  An orc wizard (D:5)
  A hound skeleton (D:4)
  3 mummies (D:6)
  Robin (D:4)
  8 adders
  3 gnolls
  2 shadow imps (D:6)
  A white imp (D:5)
  3 dart slugs
  16 orcs
  6 bats
  2 endoplasms
  A giant cockroach (D:5)
  15 goblins
  9 hobgoblins
  3 jackals (D:1)
  16 kobolds
  4 quokkas
  13 ball pythons
  A frilled lizard (D:1)
  3 rats
175 creatures vanquished.

Notes
Turn   | Place    | Note
-------+----------+-------------------------------------------
     0 | D:1      | MajorAdolf the Naga Wanderer began the quest for the Orb.
     0 | D:1      | MajorAdolf set off with the following items: a +2 hand
                  | crossbow, 22 bolts, a +0 ring mail, a scroll of
                  | teleportation
     0 | D:1      | Reached XP level 1. HP: 19/19 MP: 2/2
    38 | D:1      | Found Seskiaro's Distillery.
   112 | D:1      | Reached XP level 2. HP: 26/26 MP: 3/3
   474 | D:1      | Reached XP level 3. HP: 33/33 MP: 4/4
   550 | D:1      | Reached skill level 3 in Fighting
  1109 | D:2      | Noticed Jessica
  1111 | D:2      | Killed Jessica
  1112 | D:2      | Reached XP level 4. HP: 44/44 MP: 5/5
  1221 | D:2      | Noticed Natasha
  1230 | D:2      | Killed Natasha
  1231 | D:2      | Reached skill level 4 in Fighting
  1669 | D:2      | Noticed Natasha
  1680 | D:2      | Killed Natasha
  1681 | D:2      | Reached XP level 5. HP: 19/51 MP: 6/6
  1740 | D:2      | Noticed Natasha
  1744 | D:2      | Killed Natasha
  1745 | D:2      | Reached skill level 5 in Fighting
  2817 | D:3      | Found a glowing silver altar of Zin.
  2824 | D:3      | Found a bloodstained altar of Trog.
  3325 | D:4      | Reached XP level 6. HP: 62/62 MP: 7/7
  3343 | D:4      | Reached skill level 6 in Fighting
  3746 | D:4      | Noticed a black bear
  3753 | D:4      | Reached skill level 7 in Fighting
  3753 | D:4      | Reached XP level 7. HP: 51/72 MP: 8/8
  4194 | D:4      | Noticed Pikel
  4204 | D:4      | Killed Pikel
  4205 | D:4      | Reached skill level 9 in Fighting
  4205 | D:4      | Reached XP level 8. HP: 49/85 MP: 9/9
  4464 | D:4      | Found a staircase to the Ecumenical Temple.
  4928 | D:4      | Noticed Robin
  5385 | D:4      | Killed Robin
  5797 | D:5      | Entered Level 5 of the Dungeon
  5827 | D:5      | Reached skill level 10 in Fighting
  6210 | D:5      | Found a sacrificial altar of Ru.
  6290 | D:5      | Found a blossoming altar of Fedhas.
  6699 | D:6      | Reached skill level 11 in Fighting
  6699 | D:6      | Reached XP level 9. HP: 69/97 MP: 10/10
  6815 | D:6      | Found a runed translucent door.
  6882 | D:6      | Noticed UnknownFlame's ghost (novice DrBe)
  7198 | D:6      | Reached skill level 12 in Fighting
  7744 | D:6      | Reached skill level 1 in Shields
  7815 | D:6      | Found an ancient bone altar of Kikubaaqudgha.
  8212 | D:7      | Noticed Menkaure
  8227 | D:7      | Killed Menkaure
  8228 | D:7      | Reached XP level 10. HP: 83/103 MP: 11/11
  8385 | D:7      | Noticed Dowan
  8385 | D:7      | Noticed Duvessa
  8428 | D:7      | Killed Duvessa
  8444 | D:7      | Killed Dowan
  8445 | D:7      | Reached skill level 13 in Fighting
  8484 | D:7      | Noticed a cyclops
  8682 | D:7      | Found Qevuaqes's Magic Scroll Shop.
  8802 | D:7      | Killed a cyclops
  9028 | Temple   | Entered the Ecumenical Temple
  9102 | Temple   | Became a worshipper of Gozag Ym Sagoz the Greedy
  9346 | D:7      | Noticed Harold
  9370 | D:7      | Killed Harold
  9799 | D:7      | Reached skill level 5 in Shields
 10012 | D:8      | Noticed an unseen horror
 10030 | D:8      | HP: 3/111 [unseen horror (4)]
 10098 | D:8      | Killed from afar by a steam dragon

Illustrated notes

Levels and vault maps discovered:
D:1:      nicolae_arrival_memento_mori, layout_rooms, serial_shops,
          nicolae_shop_competitors_out_of_business, minivault_27,
          minmay_hedge_maze, chequers_serial_rivers_small_b
D:2:      layout_basic, uniq_jessica, uniq_natasha
D:3:      layout_basic, grunt_temple_overflow_open
D:4:      cheibrodos_helix_gallery, layout_basic,
          minmay_temple_entry_statues_pillars, minmay_distorted, uniq_pikel,
          uniq_robin
D:5:      layout_rooms, nicolae_ru_great_annihilating_truth,
          mainiacjoe_overflow_surrounded_room, nrook_loot_triangle,
          grunt_ministairs_11, chequers_jeans, minmay_manual_mail
D:6:      wad_crossroads, layout_cave_pools,
          lemuel_mausoleum_altar_kikubaaqudgha, gammafunk_ghost_grave
D:7:      layout_loops_corners, serial_shops, kennysheep_mini, uniq_duvessa,
          uniq_menkaure, uniq_harold
D:8:      layout_rooms, mainiacjoe_overflow_alcove_4
Temple:   compressed_dpeg_circular_temple

Skill      XL: |  1  2  3  4  5  6  7  8  9 10 |
---------------+-------------------------------+-----
Crossbows      | 2 |  2.0
Fighting       | 3 4 5 7 9 11 12 13 | 13.6
Shields        | 3 5 |  5.3
Throwing       | |  1.0
Armour         | |  1.2
Stealth        | |  1.5
Spellcasting   | |  1.0
Translocations | |  2.1

Action                   |  1- 3 |  4- 6 |  7- 9 | 10-12 || total
-------------------------+-------+-------+-------+-------++-------
Melee: Hand axe          |    24 |    12 |   154 |       ||   190
       Dagger            |       |     9 |   245 |       ||   254
       Trident           |       |       |    33 |   185 ||   218
 Fire: Hand crossbow     |    57 |    95 |    52 |       ||   204
 Abil: Spit Poison       |     2 |     4 |     3 |     1 ||    10
  Use: Scroll            |       |       |       |     1 ||     1
 Stab: Paralysed         |       |       |     1 |       ||     1
       Sleeping          |       |       |       |     2 ||     2
Armor: Ring mail         |     5 |       |       |       ||     5
       Scale mail        |    14 |    34 |   333 |    22 ||   403
       Robe              |       |       |       |    81 ||    81
Dodge: Dodged            |    18 |    31 |   174 |    99 ||   322
Block: Buckler           |       |       |    33 |    46 ||    79
